 Dungeon Crawl Stone Soup version 0.25.0-37-gb73750e0fb (webtiles) character file.

Game seed: 9256401167654797202

124 xccam the Cutter (level 4, -4/33 HPs)
             Began as a Demonspawn Gladiator on July 9, 2020.
             Slain by a gnoll
             ... wielding a +0 club
              (6 damage)
             ... on level 3 of the Dungeon.
             The game lasted 00:03:55 (2194 turns).

xccam the Cutter (Demonspawn Gladiator)             Turns: 2194, Time: 00:03:56

Health: -4/33      AC:  4    Str: 15    XL:     4   Next: 81%
Magic:  4/4        EV: 12    Int:  9    God:
Gold:   146        SH:  0    Dex: 15    Spells: 3/3 levels left

rFire    . . .     SeeInvis .   a - +0 rapier
rCold    . . .     Gourm    .   (no shield)
rNeg     . . .     Faith    .   b - +0 leather armour
rPois    .         Spirit   .   c - +0 helmet
rElec    .         Reflect  .   (no cloak)
rCorr    .         Harm     .   (no gloves)
MR       .....                  (no boots)
Stlth    +.........             o - amulet of magic regeneration
HPRegen  0.11/turn              i - ring of wizardry
MPRegen  0.34/turn              (no ring)

@: no status effects
A: claws 1, talons 1
a: no special abilities


You were on level 3 of the Dungeon.
You were not hungry.

You visited 1 branch of the dungeon, and saw 3 of its levels.

You collected 146 gold pieces.

Inventory:

Hand Weapons
 a - a +0 rapier (weapon)
Missiles
 d - 3 throwing nets (quivered)
Armour
 b - a +0 leather armour (worn)
 c - a +0 helmet (worn)
Jewellery
 i - a ring of wizardry (left claw)
 o - an amulet of magic regeneration (around neck)
Wands
 g - a wand of flame (26)
Scrolls
 e - a scroll of remove curse {unknown}
 j - a scroll of enchant weapon {unknown}
 k - a scroll of random uselessness {unknown}
 l - 2 scrolls of identify {unknown}
 m - a scroll of amnesia {unknown}
Potions
 h - a potion of curing
 n - a potion of might {unknown}
Comestibles
 f - 5 rations
 p - 5 chunks of flesh


   Skills:
 - Level 2.0 Fighting
 + Level 5.1 Short Blades
 - Level 1.7 Throwing
 - Level 2.6 Dodging


You had 3 spell levels left.
You didn't know any spells.
Your spell library was empty.

Dungeon Overview and Level Annotations

Branches:
Dungeon (3/15)

Altars:
Zin


Innate Abilities, Weirdness & Mutations

You have sharp fingernails.
You have sharp toenails.


Message History

Butcher a goblin corpse? [(y)es/(n)o/(a)ll/(q)uit/?]
Butcher a jackal corpse? [(y)es/(n)o/(a)ll/(q)uit/?]
There isn't anything else to butcher here.
Okay, then.
Butcher a goblin corpse? [(y)es/(n)o/(a)ll/(q)uit/?]
You butcher the goblin corpse.
You butcher the jackal corpse.
p - 3 chunks of flesh;
p - 5 chunks of flesh (gained 2)
Things that are here:
a goblin skeleton; a jackal skeleton Unknown command.
There is a stone staircase leading down here.
You climb downwards.
The gnoll hits you with a +0 club. The gnoll hits you with a +0 flail.
The gnoll hits you with a +0 club!
There is a stone staircase leading up, spattered with blood here.
Unknown command.
The gnoll hits you with a +0 flail!
* * * LOW HITPOINT WARNING * * *
The gnoll hits you with a +0 club.
You die...

#.# .....
#.##......$
#.##.......
#.##....(. .
#.##....# ..
#########.......##..
#...................
#...................
#.g@g(.........!....
#..g................
#...................
#############.#.#...
#.g........
#..##.#.#... #.
#.#.#... .. #.. . ..
.# #.. .# #


You could see 3 gnolls.

Vanquished Creatures
  Terence (D:2)
  3 adders (D:2)
  3 worms (D:2)
  3 dart slugs
  A leopard gecko (D:2)
  9 bats
  4 goblins
  11 hobgoblins
  6 jackals
  2 ball pythons (D:2)
  2 frilled lizards (D:2)
  4 kobolds
  7 rats
56 creatures vanquished.

Notes
Turn   | Place    | Note
-------+----------+-------------------------------------------
     0 | D:1      | xccam the Demonspawn Gladiator began the quest for the Orb.
     0 | D:1      | Reached XP level 1. HP: 16/16 MP: 1/1
   181 | D:1      | Reached skill level 3 in Short Blades
   229 | D:1      | Gained mutation: You have sharp fingernails. [demonic
                  | ancestry]
   229 | D:1      | Reached XP level 2. HP: 22/22 MP: 2/2
   324 | D:1      | HP: 1/22 [hobgoblin/+0 club (3)]
   792 | D:1      | Gained mutation: You have sharp toenails. [demonic
                  | ancestry]
   792 | D:1      | Reached XP level 3. HP: 21/27 MP: 3/3
   985 | D:1      | Reached skill level 4 in Short Blades
  1376 | D:2      | Noticed Terence
  1402 | D:2      | Killed Terence
  1402 | D:2      | Reached XP level 4. HP: 12/33 MP: 4/4
  1893 | D:2      | Reached skill level 5 in Short Blades
  1911 | D:2      | Found a glowing silver altar of Zin.
  2194 | D:3      | Slain by a gnoll

Illustrated notes

Levels and vault maps discovered:
D:1:      lemuel_arrival_cross, layout_loops_ring, dk_noncrumbling_4,
          minmay_pentomino_s2
D:2:      layout_rooms, lemuel_coloured_pillars_altar, uniq_terence
D:3:      layout_rooms, marbit_many_paths, first_ration, lemuel_altar_in_water

Skill      XL: |  1  2  3  4 |
---------------+-------------+-----
Short Blades   | 3 4 5 |  5.1
Fighting       | |  2.0
Throwing       | |  1.7
Dodging        | |  2.6

Action                   |  1- 3 |  4- 6 || total
-------------------------+-------+-------++-------
Melee: Rapier            |   138 |    37 ||   175
       Kick              |    15 |     7 ||    22
  Use: Potion            |     2 |       ||     2
 Stab: Sleeping          |       |     1 ||     1
  Eat: Chunk             |     2 |     2 ||     4
Armor: Leather armour    |    31 |    13 ||    44
       Skin              |     5 |       ||     5
Dodge: Dodged            |    94 |    27 ||   121
